 Dungeon Crawl Stone Soup version 0.28-a0-691-gad6df49e81 (webtiles) character file.

Game seed: 2930182744479330782

814 hypoxyphilia the Purveyor of Pain (level 7, -3/42 HPs)
             Began as a Vampire Necromancer on Oct 21, 2021.
             Was an Initiate of Kikubaaqudgha.
             Slain by a water moccasin (6 damage)
             ... on level 7 of the Dungeon.
             The game lasted 01:57:23 (7090 turns).

hypoxyphilia the Purveyor of Pain (VpNe)            Turns: 7090, Time: 01:57:23

Health: -3/42      AC:  3    Str:  5 (7)  XL:     7   Next: 62%
Magic:  3/14       EV: 13    Int: 17 (19) God:    Kikubaaqudgha [......]
Gold:   367        SH:  0    Dex: 13 (15) Spells: 2/16 levels left

rFire   . . .      SeeInvis +   t - +1 whip (elec)
rCold   + . .      Faith    .   (no shield)
rNeg    . . .      Spirit   .   a - +0 robe
rPois   .          Reflect  .   (no helmet)
rElec   .          Harm     .   (no cloak)
rCorr   .          Rampage  .   (no gloves)
Will    .....                   b - +0 pair of boots
Stlth   +++.......              (no amulet)
HPRegen 0.34/turn               k - ring of protection from cold
MPRegen 0.14/turn               n - +4 ring of slaying

@: lethally poisoned (-3 -> -4), healing quickly
A: alive, fangs 3, see invisible, vampiric 2, [frail 1]
a: Exsanguinate, Renounce Religion


You were on level 7 of the Dungeon.
You worshipped Kikubaaqudgha.
Kikubaaqudgha was noncommittal.
You visited 2 branches of the dungeon, and saw 8 of its levels.

You collected 367 gold pieces.

Inventory:

Hand Weapons
 c - a +0 hunting sling
 t - a +1 whip of electrocution (weapon)
Missiles
 i - 113 stones
Armour
 a - a +0 robe (worn)
 b - a +0 pair of boots (worn)
 o - a +0 helmet
 B - a scarf of harm
Jewellery
 k - a ring of protection from cold (left hand)
 n - a +4 ring of slaying (right hand)
 r - an amulet of faith
 E - a ring of willpower
 F - a ring of fire
Wands
 u - a wand of charming (10)
 y - a wand of polymorph (6)
 D - a wand of paralysis (6)
Scrolls
 d - a scroll of acquirement {unknown}
 g - 2 scrolls of identify {unknown}
 h - a scroll of torment {unknown}
 l - a scroll of brand weapon {unknown}
 q - a scroll of summoning {unknown}
 s - 3 scrolls of enchant weapon {unknown}
 x - a scroll of noise {unknown}
 A - 2 scrolls of magic mapping {unknown}
 C - a scroll of immolation {unknown}
Potions
 e - 2 potions of brilliance {unknown}
 f - a potion of degeneration {unknown}
 j - a potion of invisibility {unknown}
 m - a potion of attraction {unknown}
 p - a potion of resistance {unknown}
 v - a potion of haste {unknown}
 w - 2 potions of magic {unknown}
 z - 2 potions of flight {unknown}


   Skills:
 + Level 0.5 Fighting
 + Level 0.8 Short Blades
 + Level 1.2 Maces & Flails
 + Level 0.1 Slings
 + Level 3.8 Dodging
 + Level 4.7 Stealth
 + Level 5.2 Spellcasting
 + Level 7.0 Necromancy


You had 2 spell levels left.
You knew the following spells:

 Your Spells              Type           Power      Damage    Failure   Level
a - Pain                  Necr           100%       1d9       1%          1
b - Animate Skeleton      Necr           56%        N/A       1%          1
c - Vampiric Draining     Necr           14%        2d8       2%          3
d - Animate Dead          Necr           14%        N/A       8%          4
e - Agony                 Necr           28%        N/A       22%         5

Your spell library contained the following spells:

 Spells                   Type           Power      Damage    Failure   Level
 Beastly Appendage        Tmut           8%         N/A       14%         1
 Magic Dart               Conj           16%        1d3       14%         1
 Summon Small Mammal      Summ           16%        N/A       14%         1
 Searing Ray              Conj           8%         2d4       22%         2
 Wereblood                Tmut           4%         N/A       22%         2
 Call Canine Familiar     Summ           4%         N/A       38%         3
 Gell's Gravitas          Tloc           2%         N/A       38%         3
 Lesser Beckoning         Tloc           4%         N/A       38%         3
 Spider Form              Tmut/Pois      2%         N/A       38%         3
 Summon Guardian Golem    Hex/Summ       4%         N/A       38%         3
 Teleport Other           Tloc           4%         N/A       38%         3
 Fulminant Prism          Conj/Hex       2%         3d6       80%         4
 Eringya's Noxious Bog    Tmut/Pois      2%         N/A       100%        6


Dungeon Overview and Level Annotations

Branches:
Dungeon (7/15)             Temple (1/1) D:7

Altars:
Cheibriados
Dithmenos
Elyvilon
Hepliaklqana
Kikubaaqudgha
Qazlal
Ru
Uskayaw
Vehumet
Xom
Yredelemnul
Zin
The Shining One

Shops:
D:5 (

Annotations:
D:4 ogres, fuck those guys!, exclusions: lemure and 2 ogres
D:5 exclusions: downstairs and ogre
D:6 ogre! Eustachio! wights!, exclusion: upstairs, Eustachio


Innate Abilities, Weirdness & Mutations

Your natural rate of healing is accelerated.
You have razor-sharp teeth.
You have supernaturally acute eyesight. (SInv)
You are afflicted with vampirism and can become a bat while bloodless.
[You are frail. (-10% HP)]


Message History

You feel sick.
Your water moccasin zombie closely misses the water moccasin.
You feel sick. The water moccasin closely misses you.
Casting: Pain (safe; 1% risk of failure)
Confirm with . or Enter, or press ? or * to list all spells.
Aiming: Vampiric Draining (dangerous; 2% risk of failure)
Press: ? - help, Shift-Dir - straight line, f/p - water moccasin
Aim: a water moccasin (moderately wounded, ally target)
You draw life force from the water moccasin.
You feel life coursing into your body.
You feel sick. The water moccasin bites you.
You are more poisoned.
The water moccasin poisons you!
You feel very sick.
Your water moccasin zombie barely misses the water moccasin.
Casting: Vampiric Draining (dangerous; 2% risk of failure)
Confirm with . or Enter, or press ? or * to list all spells.
Aiming: Pain (safe; 1% risk of failure)
Press: ? - help, Shift-Dir - straight line, f/p - water moccasin
Aim: a water moccasin (moderately wounded, ally target, chance to affect: 84%)
The water moccasin writhes in agony!
You feel very sick. The water moccasin barely misses you.
Your water moccasin zombie bites the water moccasin.
The water moccasin barely misses you.
* * * LOW HITPOINT WARNING * * *
You feel very sick.
Your water moccasin zombie closely misses the water moccasin.
Unknown command.
You feel sick.
You feel sick.
The water moccasin bites you but does no damage.
You feel sick.
You feel sick. The water moccasin misses you.
You feel sick.
Your water moccasin zombie barely misses the water moccasin.
You feel sick.
You feel sick. The water moccasin bites you.
You die...
Kikubaaqudgha rasps: "You have failed me!
Welcome... death!"

.####.#..###.###..##..# #.#
.####.#..###.###..# #.#
..................# #.#
.##.....####.###..#########.###
.......... .. #..#.....#.....#
.#..#...########Z.#..♣..###.###
....#.............'.♣♣♣.'...###
.#..#.#.###.####S.#..♣..#.....#
................@.#.....#.....#
.#..###.###.......#########.###
.#..# ### #.####..# #.# #####
### #### ###


You could see a water moccasin (ally target) and a friendly water moccasin
zombie.

Vanquished Creatures
  A water moccasin (D:7)
  2 scorpions
  2 water moccasin skeletons (D:5)
  A howler monkey (D:4)
  A centaur zombie (D:5)
  3 hounds
  A centaur skeleton (D:6)
  A jelly (D:4)
  A bullfrog skeleton (D:5)
  An orc wizard (D:3)
  2 killer bee zombies
  A hound skeleton (D:4)
  Robin (D:2)
  4 adders
  4 gnolls (D:6)
  An ufetubus (D:6)
  An adder skeleton (D:4)
  A worm (D:2)
  3 dart slugs
  3 orcs
  7 endoplasms
  A giant cockroach (D:2)
  11 goblins
  15 hobgoblins
  2 quokkas
  3 ball pythons
  4 bats
  3 frilled lizards
  8 kobolds
  6 rats
95 creatures vanquished.

Vanquished Creatures (others)
  7 plants (D:2)
7 creatures vanquished.

Grand Total: 102 creatures vanquished

Notes
Turn   | Place    | Note
-------+----------+-------------------------------------------
     0 | D:1      | hypoxyphilia the Vampire Necromancer began the quest for
                  | the Orb.
     0 | D:1      | Reached XP level 1. HP: 13/13 MP: 3/3
   159 | D:1      | Found a faded altar of an unknown god.
   451 | D:1      | Reached XP level 2. HP: 19/19 MP: 5/5
   914 | D:2      | Found a hazy altar of Hepliaklqana.
  1286 | D:2      | Gained mutation: You are afflicted with vampirism and can
                  | become a bat while bloodless. [Vampire growth]
  1286 | D:2      | Reached XP level 3. HP: 12/24 MP: 1/6
  1450 | D:2      | Noticed Robin
  1631 | D:2      | Reached skill level 5 in Necromancy
  1635 | D:2      | Killed Robin
  1788 | D:2      | Got the Papyrus of Moulding
  1808 | D:2      | Learned a level 1 spell: Animate Skeleton
  1812 | D:2      | Learned a level 3 spell: Vampiric Draining
  1986 | D:2      | Reached XP level 4. HP: 25/30 MP: 0/8
  3016 | D:4      | Noticed a scorpion
  3018 | D:4      | Found a radiant altar of Vehumet.
  3023 | D:4      | Killed a scorpion
  3024 | D:4      | Reached XP level 5. HP: 35/35 MP: 1/10
  3200 | D:4      | Noticed an ogre
  3335 | D:4      | Noticed a lemure
  3571 | D:4      | Reached XP level 6. HP: 41/41 MP: 0/12
  4113 | D:4      | Reached skill level 1 in Maces & Flails
  4121 | D:5      | Entered Level 5 of the Dungeon
  4595 | D:5      | Found Haugal's Weapon Shop.
  4664 | D:5      | Reached skill level 6 in Necromancy
  4669 | D:5      | Learned a level 4 spell: Animate Dead
  4842 | D:5      | Reached XP level 7. HP: 24/46 MP: 14/14
  5334 | D:6      | Found a stormy altar of Qazlal.
  5602 | D:6      | Found a hide-covered altar of Uskayaw.
  6104 | D:6      | Reached skill level 5 in Spellcasting
  6288 | D:6      | Noticed Eustachio
  6700 | D:7      | Found a staircase to the Ecumenical Temple.
  6706 | Temple   | Entered the Ecumenical Temple
  6724 | Temple   | Became a worshipper of Kikubaaqudgha
  7059 | D:7      | Reached skill level 7 in Necromancy
  7065 | D:7      | Learned a level 5 spell: Agony
  7090 | D:7      | Slain by a water moccasin

Illustrated notes

Levels and vault maps discovered:
D:1:      minmay_arrival_four_loops, layout_loops_ring, basic_ecumenical_altar
D:2:      cheibrodos_old_hovel, layout_basic, basic_altar, uniq_robin
D:3:      layout_basic, nicolae_overflow_crystal_walls
D:4:      layout_basic, mainiacjoe_overflow_brackets,
          lemuel_coloured_pillars_altar, minmay_starry_boxes, uniq_pikel
D:5:      layout_loops_ring, marbit_many_paths, zin_treasury, serial_shops,
          nicolae_stop_n_shop_2, hangedman_decor_peaks_small, minivault_26,
          kennysheep_cross_room
D:6:      layout_layer_cave, nicolae_uskayaw_dance_studio,
          nicolae_qazlal_scattered_showers, uniq_eustachio
D:7:      layout_basic, kennysheep_mini, cheibrodos_ashenzari_chains,
          minmay_temple_entry_hall, gammafunk_ghost_grave,
          kennysheep_generic_room_13
Temple:   compressed_dpeg_triangle_lava_temple

Skill      XL: |  1  2  3  4  5  6  7 |
---------------+----------------------+-----
Stealth        | 4 |  4.7
Necromancy     | 5 6 7 |  7.0
Spellcasting   | 3 4 5 |  5.2
Maces & Flails | 1 |  1.2
Dodging        | 3 |  3.8
Fighting       | |  0.5
Short Blades   | |  0.8
Slings         | |  0.1

Action                   |  1- 3 |  4- 6 |  7- 9 || total
-------------------------+-------+-------+-------++-------
Melee: Short sword       |    28 |    13 |       ||    41
       Bite              |     3 |     7 |     1 ||    11
       Whip              |       |    45 |    16 ||    61
 Fire: Hunting sling     |       |     4 |     3 ||     7
 Cast: Pain              |    56 |    60 |    24 ||   140
       Animate Skeleton  |       |    13 |     1 ||    14
       Vampiric Draining |       |    13 |     6 ||    19
       Animate Dead      |       |       |     2 ||     2
 Abil: End Transformatio |       |       |     1 ||     1
       Bat Form          |       |       |     1 ||     1
       Exsanguinate      |       |       |     1 ||     1
       Revivify          |       |       |     1 ||     1
 Stab: Sleeping          |     7 |     1 |       ||     8
Armor: Robe              |     1 |     4 |    12 ||    17
       Animal skin       |       |     6 |       ||     6
Dodge: Dodged            |    13 |    54 |    33 ||   100

Table legend: (Time is in decaauts)
 A = Elapsed time spent in this place.
 B = Non-inter-level travel time spent in this place.
 C = Inter-level travel time spent in this place.
 D = Time resting spent in this place.
 E = Time spent auto-exploring this place.
 F = Levels seen in this place.
 G = Mean time per level.
                   A        B        C        D        E       F      G
               +--------+--------+--------+--------+--------+-----+--------+
         Total |   6815 |   6596 |    219 |   1693 |    713 |   8 |  851.9 |
       Dungeon |   6792 |   6573 |    219 |   1693 |    713 |   7 |  970.3 |
        Temple |     23 |     23 |      0 |      0 |      0 |   1 |   23.0 |
               +--------+--------+--------+--------+--------+-----+--------+

Top non-repeatable levels by time:
     D:2: 1402 daAuts
     D:5: 1278 daAuts
     D:4: 1054 daAuts
     D:6: 992 daAuts
     D:3: 905 daAuts
     D:1: 762 daAuts
     D:7: 396 daAuts
  Temple: 23 daAuts
